 Dungeon Crawl Stone Soup version 0.27-a0-1196-g3e9cee4cb2 (webtiles) character file.

Game seed: 14899794116055355691

592929 robertstho the Conqueror (level 26, -4/266 HPs)
             Began as a Minotaur Berserker on May 27, 2021.
             Was the Champion of Trog.
             Slain by a death scarab (14 damage)
             ... summoned by a royal mummy
             ... on level 2 of the Tomb of the Ancients.
             The game lasted 01:53:16 (63678 turns).

robertstho the Conqueror (Minotaur Berserker)      Turns: 63678, Time: 01:53:17

Health: -4/266     AC: 38    Str: 26    XL:     26   Next: 26%
Magic:  22/22      EV: 13    Int:  9    God:    Trog [******]
Gold:   8183       SH: 33    Dex: 13    Spells: 25/25 levels left

rFire    + + +     SeeInvis .   T - +11 war axe of Distant Shores {flame, rN++}
rCold    + + .     Faith    .   D - +2 tower shield
rNeg     + + +     Spirit   .   P - +10 gold dragon scales
rPois    +         Reflect  +   Y - +1 hat
rElec    +         Harm     .   n - scarf {rC+ rF+}
rCorr    .         Rampage  .   m - +2 pair of gloves {Stlth+}
Will     +++..                  H - +2 pair of boots
Stlth    ..........             R - amulet of Oenomania {Reflect Fly rN++ Str-2 Int+2 SH+5}
HPRegen  1.54/turn              k - ring of protection from fire
MPRegen  0.18/turn              x - ring "Edocre" {rElec EV+4 Stlth+}

@: marked, flayed, strong-willed, unable to read, flying, regenerating, slowed,
studying Invocations, very slow
A: horns 2, retaliatory headbutt, deformed body, mutation resistance 1,
inability to read while threatened
}: 3/15 runes: decaying, serpentine, silver
a: Renounce Religion, Berserk, Trog's Hand, Brothers in Arms


You were on level 2 of the Tomb of the Ancients.
You worshipped Trog.
Trog was exalted by your worship.
You visited 9 branches of the dungeon, and saw 44 of its levels.
You visited the Abyss 2 times.
You also visited: Gauntlet and Desolation.

You collected 9259 gold pieces.
You spent 1076 gold pieces at shops.

Inventory:

Hand Weapons
 c - the +8 mithril axe "Arga" {speed, Will+}
   (You found it on level 5 of the Vaults)

   Attacks with this weapon are significantly faster.
   It increases your willpower.
 B - the +4 war axe "Bogefrin" {vamp, +Rage Fly rElec Int+5}
   (You found it on level 3 of the Elven Halls)

   It inflicts no extra harm, but heals its wielder when it wounds a living foe.
   It affects your intelligence (+5).
   It insulates you from electricity.
   It grants you flight.
   It lets you go berserk.
 T - the +11 war axe of Distant Shores (weapon) {flame, rN++}
   (Trog gifted it to you on level 3 of the Vaults)

   It has been specially enchanted to burn those struck by it, causing extra
   injury to most foes and up to half again as much damage against particularly
   susceptible opponents.
   Big, fiery blades are also staple armaments of hydra-hunters.
   It greatly protects you from negative energy.
Armour
 m - a +2 pair of gloves of stealth (worn)
 n - a scarf of resistance (worn)
 v - a +2 cloak
 D - a +2 tower shield (worn)
 H - a +2 pair of boots (worn)
 P - +10 gold dragon scales (worn)
 X - the +1 pair of gloves of the Vestibule of Hell {rC++ Int-5}
   (You found it on level 2 of the Lair of Beasts)

   It affects your intelligence (-5).
   It greatly protects you from cold.
 Y - a +1 hat (worn)
Jewellery
 b - a ring of protection from fire
 g - the amulet of the Gloaming {Spirit Contam rC+ Will+}
   (You acquired it on level 6 of the Dungeon)

   [amulet of guardian spirit]

   It causes incoming damage to be divided between your reserves of health and
   magic.
   It protects you from cold.
   It causes magical contamination when unequipped.
   It increases your willpower.
 j - a ring of willpower
 k - a ring of protection from fire (left hand)
 l - the ring "Janotel" {rN+ Stlth+}
   (You found it in the Desolation of Salt)

   [ring of positive energy]

   It protects you from negative energy.
   It makes you more stealthy.
 o - a ring of resist corrosion
 r - an amulet of guardian spirit
 s - a +4 ring of slaying
 x - the ring "Edocre" (right hand) {rElec EV+4 Stlth+}
   (You took it off a deep elf death mage on level 3 of the Elven Halls)

   [ring of evasion]

   It affects your evasion (+4).
   It insulates you from electricity.
   It makes you more stealthy.
 J - a ring of protection from cold
 M - a +4 ring of protection
 R - the amulet of Oenomania (around neck) {Reflect Fly rN++ Str-2 Int+2 SH+5}
   (You found it on level 5 of the Vaults)

   [amulet of reflection]

   It reflects blocked missile attacks.
   It affects your strength (-2).
   It affects your intelligence (+2).
   It greatly protects you from negative energy.
   It grants you flight.
   It affects your SH (+5).
 S - the ring "Gisec" {Dex+4 SInv}
   (You found it in a Gauntlet)

   [ring of see invisible]

   It affects your dexterity (+4).
   It lets you see invisible.
 U - a ring of willpower
Wands
 A - a wand of iceblast (69)
 G - a wand of acid (36)
 L - a wand of digging (10)
 O - a wand of mindburst (37)
Scrolls
 f - 5 scrolls of immolation
 i - 9 scrolls of summoning
 p - 3 scrolls of fear
 q - 36 scrolls of identify
 u - 5 scrolls of magic mapping
 y - 3 scrolls of silence
 E - 7 scrolls of fog
 F - 13 scrolls of teleportation
 I - 3 scrolls of holy word
 K - 3 scrolls of blinking
Potions
 a - 3 potions of haste
 d - 5 potions of cancellation
 e - 5 potions of heal wounds
 h - 18 potions of curing
 t - 5 potions of mutation
 w - 5 potions of resistance
 z - 8 potions of attraction
 C - 7 potions of might
 V - 4 potions of ambrosia
 Z - a potion of invisibility
Miscellaneous
 N - a phantom mirror
 Q - a box of beasts


   Skills:
 O Level 27 Fighting
 + Level 2.1 Long Blades
 + Level 23.8 Axes
 * Level 24.4 Armour
 + Level 6.2 Dodging
 + Level 25.7 Shields
 + Level 2.1 Evocations


You had 25 spell levels left.
You didn't know any spells.
Your spell library was empty.

Dungeon Overview and Level Annotations

Branches:
Dungeon (15/15)            Temple (0/1) D:6            Lair (6/6) D:9
  Swamp (4/4) Lair:4        Snake (4/4) Lair:2        Slime (0/5) Lair:6
    Orc (2/2) D:10            Elf (3/3) Orc:2        Vaults (5/5) D:14
  Crypt (3/3) Vaults:3       Tomb (2/3) Crypt:3      Depths (0/5) D:15
Desolation (visited)      Gauntlet (visited)

Altars:
Ashenzari
Cheibriados
Dithmenos
Fedhas
Gozag
Kikubaaqudgha
Makhleb
Okawaru
Qazlal
Ru
Uskayaw
Vehumet
Wu Jian
Xom
Yredelemnul
Zin
The Shining One
Jiyva

Shops:
D:3 =   D:5 (   D:6 ?   D:10 ?[*   D:14 (   Orc:1 [   Orc:2 :[**=   Elf:1 [
Snake:4 [   Vaults:3 (

Portals:
Abyss: D:15
Pandemonium: Orc:2
Bazaar: Vaults:4

Annotations:
D:3 Jewellry shop
D:8 1 runed translucent door, leviel's ghost, novice MiFi
Snake:4 3 runed translucent doors, exclusion: obsidian statue, FizzleBang's ghost, adept GnWn
Vaults:3 36 runed doors


Innate Abilities, Weirdness & Mutations

You have a pair of horns on your head.
You reflexively headbutt those who attack you in melee.
Armour fits poorly on your strangely shaped body.
You are somewhat resistant to further mutation.
You sometimes lose the ability to read scrolls when taking damage.


Message History

A sentinel's mark forms upon you.
The phantasmal warrior blinks!
The emperor scorpion is engulfed in dark miasma.
You block the flying skull's attack.
The ushabti shakes and rattles deafeningly!
The mummy priest mumbles some strange prayers to its god.
The royal mummy casts a spell at you. Something smites you!
* * * LOW HITPOINT WARNING * * *
The death scarab closely misses you. You furiously retaliate!
You headbutt the death scarab! The mummy hits you.
* * * LOW HITPOINT WARNING * * *
You block the death scarab's attack.
The death scarab waves its antennae.
The emperor scorpion is engulfed in dark miasma.
The royal mummy hits you!
* * * LOW HITPOINT WARNING * * *
The ushabti shakes and rattles deafeningly!
The emperor scorpion is engulfed in dark miasma.
The emperor scorpion is poisoned.
The phantasmal warrior blinks!
The emperor scorpion is engulfed in dark miasma.
The emperor scorpion is poisoned.
You block the emperor scorpion's attack.
The emperor scorpion barely misses you. The emperor scorpion claws you.
* * * LOW HITPOINT WARNING * * *
The flying skull misses you.
The ushabti shakes and rattles deafeningly! x2
The mummy priest prays to its god.
The royal mummy casts a spell.
You feel much better.
You are engulfed in dark miasma.
* * * LOW HITPOINT WARNING * * *
You block the death scarab's attack.
The death scarab waves its antennae.
You block the death scarab's attack. x2
The death scarab bites you but does no damage.
The death scarab barely misses you. You furiously retaliate!
You headbutt the death scarab! You block the death scarab's attack.
The flying skull misses you. The royal mummy hits you.
* * * LOW HITPOINT WARNING * * *
The death scarab bites you!
You die...

#..#......^#..#..
#..#...8MM.#..#..
#....#...8M#ss..#
#.....#..s#Mss..#
#.....M###8s8...#
.
..)...WzMsZn..#.(
......sV8ss.§....
.....MB8MBMB.....
.....WBB8@zW°○°○.
.......BMBsB^.)..
........BM°......
.........○.°.^...
########'########
... .. ...


You could see 2 royal mummies, 11 emperor scorpions, a mummy priest, a jiangshi
(summoned), a flayed ghost (summoned), a phantasmal warrior (summoned), a
guardian mummy, 7 ushabtiu, a wraith (summoned), 9 death scarabs, a necrophage
(summoned), 2 flying skulls, 4 mummies and a tengu simulacrum (summoned).

Vanquished Creatures
  An ancient lich (Vaults:5)
  2 royal mummies (Tomb:1)
  Sojobo (Vaults:4)
  Frederick (Crypt:2)
  the Lernaean hydra (Swamp:4)
  Bai Suzhen (Snake:3)
  4 golden dragons (Vaults:5)
  A profane servitor (Crypt:3)
  Jory (Crypt:3)
  A bone dragon (Crypt:3)
  Jorgrun (Swamp:1)
  A tentacled monstrosity (Vaults:5)
  Rupert (D:15)
  A lich (Crypt:3)
  3 titans (Vaults:5)
  2 quicksilver dragons (Vaults:5)
  A deep elf blademaster (Elf:3)
  2 tentacled starspawn (Abyss:2)
  4 ancient champions
  Gastronok (Lair:2)
  Kirke (D:12)
  10 sphinxes
  A deep elf master archer (Elf:3)
  5 thorn hunters (Swamp:3)
  Donald (Swamp:2)
  6 tengu reavers
  2 nagarajas
  A storm dragon (Vaults:5)
  A revenant (Crypt:3)
  5 shadow dragons (Vaults:5)
  11 vault wardens
  A draconian knight (Vaults:4)
  A fire giant (Vaults:5)
  2 frost giants (Vaults:5)
  13 deep elf sorcerers
  3 orc warlords
  Aizul (Swamp:2)
  A cacodemon (D:15)
  2 imperial myrmidons (Desolation)
  2 iron dragons (Vaults:5)
  A juggernaut zombie (Crypt:1)
  10 ironbound preservers
  7 ghouls
  2 deep elf elementalists (Elf:3)
  11 very ugly things
  4 war gargoyles
  2 deep elf demonologists
  6 stone giants (Vaults:5)
  5 bennus (Tomb:1)
  10 vampire knights
  6 deep elf annihilators
  4 bunyips
  3 entropy weavers
  6 ettins
  2 eidola
  A minotaur (Gauntlet)
  The ghost of Hitoc the Thaumaturge, a journeyman DjFE of Makhleb (Lair:3)
  3 eleionomae
  11 deep elf death magi
  A quicksilver dragon zombie (Tomb:1)
  11 crystal guardians
  4 mummy priests (Tomb:1)
  7 deep elf high priests
  16 yaktaur captains
  6 ragged hierophants (Desolation)
  16 jiangshi
  3 great orbs of eyes
  8 ironbound thunderhulks
  3 shambling mangroves (Swamp:3)
  7 naga warriors
  23 hydras
  4 servants of whispers (Desolation)
  9 salamander tyrants
  32 vault guards
  8 boulder beetles
  9 peacekeepers
  3 ghost crabs (Swamp:4)
  4 catoblepae
  8 ironbound frosthearts
  A rakshasa (Abyss:2)
  An ogre mage (D:15)
  15 anacondas
  10 alligators
  21 dancing weapons
  9 centaur warriors
  5 death knights
  6 two-headed ogres
  10 death scarabs (Tomb:1)
  2 tengu warriors (D:15)
  Urug (Orc:2)
  5 vampire magi
  A deep troll earth mage (Vaults:5)
  2 orc high priests (Orc:2)
  4 thrashing horrors (Abyss:2)
  16 deep elf knights
  10 death yaks
  An ironbound beastmaster (Vaults:4)
  8 naga sharpshooters (Snake:4)
  Nergalle (D:11)
  5 shock serpents
  Sonja (D:12)
  2 wretched stars (Abyss:2)
  2 sixfirhies (Abyss:2)
  A fire crab (Gauntlet)
  24 skeletal warriors
  A shadow wraith (Crypt:3)
  2 storm dragon skeletons (Crypt:2)
  4 sea snakes
  15 salamander mystics
  A death drake (shapeshifter) (Vaults:5)
  7 phantasmal warriors
  6 spriggan druids
  A quicksilver dragon simulacrum (Crypt:3)
  2 ghost moth zombies (Crypt:1)
  5 goliath frogs
  2 gelid demonspawn (Orc:2)
  An infernal demonspawn (Orc:2)
  A torturous demonspawn (Orc:2)
  36 deep trolls
  9 swamp dragons
  19 ironbound convokers
  4 flayed ghosts
  7 naga ritualists
  5 bog bodies
  8 deep elf archers
  Pikel (D:4)
  6 lindwurms
  8 wizards
  6 necromancers
  A shadow dragon zombie (Crypt:1)
  27 deep elf pyromancers
  An anaconda skeleton (Crypt:2)
  2 orange crystal statues
  8 large abominations
  36 deep elf zephyrmancers
  8 orc knights
  3 harpies (Vaults:2)
  5 will-o-the-wisps (Swamp:4)
  A worldbinder (D:15)
  25 salamanders
  5 oklob plants
  37 ugly things
  18 mana vipers
  5 orc sorcerers (Orc:2)
  3 cyclopes
  A stone giant zombie (Crypt:2)
  A frost giant zombie (Crypt:3)
  5 manticores
  A fire giant zombie (Abyss:2)
  A dire elephant zombie (Crypt:1)
  2 frost giant skeletons
  12 naga magi
  3 smoke demons
  4 centaur zombies
  4 orange demons
  A water nymph (shapeshifter) (Vaults:5)
  13 vault sentinels
  An eye of devastation (shapeshifter) (Vaults:5)
  17 elephants
  37 black mambas
  14 guardian serpents
  18 cane toads
  An apocalypse crab (D:15)
  A red draconian zombie (Crypt:1)
  3 rime drakes
  A gargoyle (D:12)
  An unseen horror (D:14)
  A grey draconian zombie (Crypt:2)
  52 yaktaurs
  7 freezing wraiths
  11 guardian mummies
  A purple draconian zombie (Crypt:1)
  A grey draconian skeleton (Crypt:1)
  2 hellwings (Orc:2)
  3 tengu conjurers
  8 komodo dragons
  2 ancient zymes (Abyss:2)
  53 saltlings (Desolation)
  5 tyrant leeches
  2 hydra skeletons
  12 hornets
  A polar bear (Lair:6)
  7 trolls
  5 dream sheep (Lair:6)
  20 slime creatures
  10 raiju (Abyss:2)
  21 blink frogs
  A fire dragon zombie (Crypt:2)
  A fire giant simulacrum (Crypt:3)
  A meliai zombie (D:10)
  A stone giant simulacrum (Crypt:3)
  2 harpy skeletons
  49 flying skulls
  2 frost giant simulacra (Tomb:1)
  A redback (shapeshifter) (Vaults:5)
  2 redbacks
  2 ynoxinuls (Abyss:2)
  A spriggan (shapeshifter) (Elf:1)
  11 starcursed masses
  7 wyverns
  11 spriggans
  6 water elementals
  11 wraiths
  46 yaks
  5 shadows
  4 hogs (D:12)
  A basilisk (shapeshifter) (D:15)
  2 ushabtiu (Tomb:1)
  4 basilisks
  2 fire elementals
  3 fire bats (Gauntlet)
  5 neqoxecs
  A chaos spawn (Abyss:2)
  8 vampire mosquitoes
  2 steam dragons
  17 swamp worms
  25 nagas
  4 wargs
  4 small abominations
  A merfolk zombie (Crypt:2)
  An infernal demonspawn skeleton (Crypt:2)
  Duvessa (D:4)
  22 water moccasins
  7 swamp drakes
  A cane toad skeleton (Crypt:1)
  2 hydra simulacra
  2 ice beasts (D:7)
  22 orc warriors
  2 black bears
  6 necrophages
  10 ogres
  6 boggarts
  7 centaurs
  2 lemures
  23 wolves
  A swamp dragon skeleton (Crypt:1)
  A phantom (D:6)
  3 kobold brigands (D:10)
  14 bullfrogs
  An earth elemental (Elf:3)
  3 gnoll sergeants (D:10)
  7 scorpions
  Dowan (D:4)
  A water moccasin zombie (Crypt:2)
  A komodo dragon skeleton (Crypt:2)
  A wyvern skeleton (Crypt:1)
  11 killer bees
  A troll zombie (Abyss:2)
  An oklob sapling (Swamp:3)
  5 spriggan skeletons (D:14)
  11 wights
  A howler monkey (D:5)
  5 electric eels
  5 crimson imps
  A troll skeleton (D:14)
  2 gnoll shamans
  A hound (D:4)
  2 jellies
  23 orc priests
  Ijyb (D:3)
  4 bullfrog skeletons
  A centaur skeleton (D:4)
  2 iguanas
  Natasha (thrice) (D:2)
  A human skeleton (Crypt:1)
  15 orc wizards
  A hell rat (Lair:2)
  A tengu zombie (Crypt:1)
  9 mummies
  3 howler monkey zombies
  Robin (D:2)
  21 gnolls
  A howler monkey skeleton (D:6)
  4 adders
  A shadow imp (D:8)
  A white imp (D:7)
  2 ufetubi
  A lava snake zombie (Crypt:2)
  An adder skeleton (D:5)
  3 worms
  The ghost of Tugh the Shield-Bearer, a weakling FoFi (D:15)
  A dart slug (D:1)
  54 orcs
  10 endoplasms
  4 giant cockroaches
  9 goblins
  7 hobgoblins
  7 jackals (D:1)
  12 kobolds
  3 quokkas
  4 ball pythons
  2 bats (D:1)
  3 frilled lizards (D:1)
  A hobgoblin zombie (Crypt:1)
  An orc zombie (Crypt:1)
  3 rats
  12 briar patches (Swamp:3)
  A bush (Lair:4)
  A plant (Lair:5)
  3 starspawn tentacles (Abyss:2)
1926 creatures vanquished.

Vanquished Creatures (collateral kills)
  2 imperial myrmidons (Desolation)
  A deep elf sorcerer (Elf:1)
  A bennu (Tomb:1)
  3 deep elf death magi
  A mummy priest (Tomb:1)
  A ragged hierophant (Desolation)
  Harold (D:8)
  2 vault guards (D:14)
  A hydra (D:11)
  2 peacekeepers (Desolation)
  A dancing weapon (Elf:2)
  2 orc high priests (Orc:2)
  A goliath frog (Swamp:3)
  3 deep elf archers (Elf:1)
  3 deep elf pyromancers (Elf:1)
  5 deep elf zephyrmancers (Elf:1)
  An orc knight (Orc:2)
  2 mana vipers (Snake:4)
  2 orc sorcerers (Orc:2)
  Maurice (D:11)
  A black mamba (Snake:4)
  A guardian serpent (Snake:4)
  A guardian mummy (Tomb:2)
  A troll (D:11)
  A yak (D:11)
  A large abomination (D:15)
  3 orc warriors
  An ogre (D:10)
  A centaur (D:8)
  A killer bee (D:8)
  3 starcursed masses (D:15)
  An orc priest (Orc:2)
  A mummy (Tomb:2)
53 creatures vanquished.

Vanquished Creatures (others)
  An ancient champion (Vaults:4)
  Agnes (Vaults:4)
  A vampire knight (Vaults:4)
  Erica (D:8)
  A swamp dragon (Swamp:3)
  2 wizards
  A goliath frog (Swamp:3)
  3 deep elf pyromancers
  2 bloated husks (Swamp:3)
  A hornet (Swamp:4)
  A spriggan (Swamp:3)
  A naga (Snake:2)
  A swamp drake (Swamp:4)
  A briar patch (Swamp:3)
  24 foxfires (Swamp:4)
  47 fungi
  69 plants
  5 starspawn tentacles (Abyss:2)
  6 withered plants
169 creatures vanquished.

Grand Total: 2148 creatures vanquished

Notes
Turn   | Place    | Note
-------+----------+-------------------------------------------
     0 | D:1      | robertstho the Minotaur Berserker began the quest for the
                  | Orb.
     0 | D:1      | Reached XP level 1. HP: 19/19 MP: 0/0
   129 | D:1      | Reached skill level 4 in Fighting
   330 | D:1      | Reached XP level 2. HP: 27/27 MP: 1/1
   707 | D:1      | Reached XP level 3. HP: 26/33 MP: 2/2
  1131 | D:2      | Noticed Robin
  1141 | D:2      | Killed Robin
  1141 | D:2      | Reached ** piety under Trog
  1530 | D:2      | Found an opulent altar of Gozag.
  1759 | D:2      | Noticed Natasha
  1762 | D:2      | Killed Natasha
  1763 | D:2      | Reached XP level 4. HP: 41/41 MP: 3/3
  1935 | D:2      | Noticed Natasha
  1942 | D:2      | Killed Natasha
  2204 | D:2      | Noticed Natasha
  2213 | D:2      | Killed Natasha
  2214 | D:2      | Reached skill level 5 in Fighting
  2343 | D:3      | Reached XP level 5. HP: 48/48 MP: 4/4
  2434 | D:3      | Noticed Ijyb
  2449 | D:3      | Killed Ijyb
  2450 | D:3      | Reached skill level 5 in Axes
  2722 | D:3      | Found a blossoming altar of Fedhas.
  2790 | D:3      | Found Tarchaow's Jewellery Boutique.
  3247 | D:4      | Noticed a lemure
  3248 | D:4      | Noticed a lemure
  3249 | D:4      | Noticed Duvessa
  3249 | D:4      | Noticed a lemure
  3249 | D:4      | Noticed Dowan
  3250 | D:4      | Noticed a lemure
  3250 | D:4      | Noticed Pikel
  3274 | D:3      | Killed a lemure
  3580 | D:4      | Reached XP level 6. HP: 35/56 MP: 5/5
  3740 | D:4      | Reached skill level 5 in Armour
  3749 | D:4      | Killed Pikel
  3750 | D:4      | Reached skill level 6 in Fighting
  3750 | D:4      | Reached XP level 7. HP: 64/64 MP: 6/6
  3924 | D:4      | Reached *** piety under Trog
  4137 | D:4      | Killed Duvessa
  4138 | D:4      | Reached XP level 8. HP: 65/65 MP: 7/7
  4141 | D:4      | Killed Dowan
  4246 | D:4      | Reached skill level 7 in Fighting
  4617 | D:5      | Entered Level 5 of the Dungeon
  4629 | D:5      | Found a glowing silver altar of Zin.
  4722 | D:5      | Found Detri's Antique Weapon Shop.
  5015 | D:5      | Found an ornate altar of the Wu Jian Council.
  5620 | D:6      | Found a staircase to the Ecumenical Temple.
  5725 | D:6      | Reached skill level 8 in Fighting
  5754 | D:6      | Reached XP level 9. HP: 73/81 MP: 8/8
  5949 | D:6      | Found a sacrificial altar of Ru.
  6100 | D:6      | Found Eckegiul's Magic Scroll Shoppe.
  6103 | D:6      | Bought a scroll of identify for 22 gold pieces
  6103 | D:6      | Bought 2 scrolls of identify for 44 gold pieces
  6103 | D:6      | Bought a scroll of fog for 22 gold pieces
  6103 | D:6      | Bought a scroll of identify for 22 gold pieces
  6103 | D:6      | Bought 2 scrolls of identify for 44 gold pieces
  6103 | D:6      | Bought a scroll of teleportation for 33 gold pieces
  6103 | D:6      | Bought a scroll of identify for 22 gold pieces
  6108 | D:6      | Identified a scroll of acquirement
  6111 | D:6      | Acquired the amulet of the Gloaming {Spirit Contam rC+
                  | Will+}
  6380 | D:7      | Reached **** piety under Trog
  6522 | D:7      | Found a snail-covered altar of Cheibriados.
  6522 | D:7      | Noticed a manticore
  6524 | D:7      | Found a shadowy altar of Dithmenos.
  6524 | D:7      | Found a shimmering altar of Xom.
  6529 | D:7      | Killed a manticore
  6530 | D:7      | Reached skill level 9 in Fighting
  6530 | D:7      | Reached skill level 10 in Axes
  6532 | D:7      | Found a glowing silver altar of Zin.
  6532 | D:7      | Found a hide-covered altar of Uskayaw.
  6532 | D:7      | Found an iron altar of Okawaru.
  6882 | D:7      | Found an iron altar of Okawaru.
  6923 | D:7      | Found an ancient bone altar of Kikubaaqudgha.
  6946 | D:7      | Noticed a white ugly thing
  6953 | D:7      | Killed a white ugly thing
  6999 | D:7      | Reached XP level 10. HP: 91/91 MP: 9/9
  7257 | D:8      | Noticed Erica
  7273 | D:8      | Killed Erica
  7274 | D:8      | Reached skill level 10 in Fighting
  7274 | D:8      | Reached skill level 10 in Armour
  7285 | D:8      | Noticed Harold
  7296 | D:8      | Killed Harold
  7364 | D:8      | Found a glowing golden altar of the Shining One.
  7366 | D:8      | Noticed an angel
  7377 | D:8      | Found a basalt altar of Yredelemnul.
  7380 | D:8      | Noticed a profane servitor
  7473 | D:8      | Found a stormy altar of Qazlal.
  7497 | D:8      | Found a runed translucent door.
  7498 | D:8      | Noticed leviel's ghost (novice MiFi)
  7771 | D:8      | Found a burning altar of Makhleb.
  7772 | D:8      | Found a radiant altar of Vehumet.
  7833 | D:8      | Identified the +1 pair of gloves "Heivat" {rPois Str+3}
  8119 | D:9      | Found a staircase to the Lair.
  8161 | D:9      | Reached skill level 5 in Dodging
  9054 | D:10     | Entered Level 10 of the Dungeon
  9054 | D:10     | Found Poplol's Armour Shop.
  9104 | D:10     | Noticed a two-headed ogre
  9111 | D:10     | Killed a two-headed ogre
  9112 | D:10     | Reached skill level 11 in Fighting
  9234 | D:10     | Bought a +0 tower shield for 67 gold pieces
  9244 | D:10     | Found Kinyw's General Store.
  9267 | D:10     | Bought a scroll of vulnerability for 97 gold pieces
  9267 | D:10     | Bought a potion of might for 52 gold pieces
  9300 | D:10     | Reached XP level 11. HP: 78/102 MP: 8/10
  9494 | D:10     | Noticed a centaur warrior
  9504 | D:10     | Killed a centaur warrior
  9505 | D:10     | Reached skill level 1 in Shields
  9629 | D:10     | Reached ***** piety under Trog
 10008 | D:10     | Found a snail-covered altar of Cheibriados.
 10129 | D:10     | Found Zutuhus's Magic Scroll Shoppe.
 10134 | D:10     | Bought a scroll of blinking for 90 gold pieces
 10134 | D:10     | Bought 2 scrolls of identify for 48 gold pieces
 10134 | D:10     | Bought a scroll of immolation for 42 gold pieces
 10134 | D:10     | Bought a scroll of identify for 24 gold pieces
 10215 | D:10     | Found a staircase to the Orcish Mines.
 10239 | D:10     | Reached skill level 12 in Fighting
 10519 | D:11     | Noticed a two-headed ogre
 10532 | D:11     | Killed a two-headed ogre
 10671 | D:11     | Noticed Nergalle
 10684 | D:11     | Killed Nergalle
 10746 | D:11     | Noticed Maurice
 10747 | D:11     | Noticed a seven-headed hydra
 10770 | D:11     | Killed a seven-headed hydra
 10782 | D:11     | Killed Maurice
 11255 | D:11     | Reached XP level 12. HP: 113/113 MP: 11/11
 11576 | D:11     | Noticed a boulder beetle
 11588 | D:11     | Killed a boulder beetle
 12143 | D:12     | Reached skill level 13 in Fighting
 12349 | D:12     | Reached skill level 5 in Shields
 12512 | D:12     | Noticed Kirke
 12523 | D:12     | Killed Kirke
 12593 | D:12     | Noticed a boulder beetle
 12602 | D:12     | Killed a boulder beetle
 12779 | D:12     | Noticed Sonja
 12788 | D:12     | Killed Sonja
 12844 | D:12     | Noticed a boulder beetle
 12851 | D:12     | Killed a boulder beetle
 13219 | D:13     | Found a gate leading to a gauntlet.
 13233 | Gauntlet | Entered a Gauntlet
 13233 | Gauntlet | Found a transporter.
 13240 | Gauntlet | Found a transporter.
 13243 | Gauntlet | Found a transporter.
 13254 | Gauntlet | Found a transporter.
 13257 | Gauntlet | Found a transporter.
 13269 | Gauntlet | Found a transporter.
 13284 | Gauntlet | Found a transporter.
 13297 | Gauntlet | Found a transporter.
 13309 | Gauntlet | Found a transporter.
 13323 | Gauntlet | Found a transporter.
 13338 | Gauntlet | Found a transporter.
 13381 | Gauntlet | Found a transporter.
 13398 | Gauntlet | Found a transporter.
 13405 | Gauntlet | Found a transporter.
 13514 | Gauntlet | Reached XP level 13. HP: 119/123 MP: 10/12
 13522 | Gauntlet | Identified the +6 arbalest "Niclyco" {elec, rCorr}
 13555 | Gauntlet | Identified the ring "Gisec" {Dex+4 SInv}
 13662 | Gauntlet | Noticed a minotaur
 13675 | Gauntlet | Killed a minotaur
 13676 | Gauntlet | Reached skill level 14 in Fighting
 13822 | D:13     | Reached skill level 15 in Axes
 14151 | D:13     | Found an opulent altar of Gozag.
 14581 | D:14     | Received a gift from Trog
 14643 | D:14     | Found a gate to the Vaults.
 14707 | D:14     | Found a blossoming altar of Fedhas.
 15329 | D:14     | Found Uptut's Weapon Boutique.
 15337 | D:14     | Reached skill level 15 in Armour
 15355 | D:14     | Bought a +3 vorpal broad axe for 253 gold pieces
 15644 | Lair:1   | Entered Level 1 of the Lair of Beasts
 15667 | Lair:1   | Reached skill level 15 in Fighting
 15857 | Lair:1   | Reached XP level 14. HP: 102/135 MP: 10/13
 16706 | Lair:2   | Reached skill level 1 in Long Blades
 16707 | Lair:2   | Identified the +1 pair of gloves of the Vestibule of Hell
                  | {rC++ Int-5}
 16788 | Lair:2   | Noticed Gastronok
 16797 | Lair:2   | Killed Gastronok
 16925 | Lair:2   | Found a staircase to the Snake Pit.
 18518 | Lair:3   | Found a runed translucent door.
 18519 | Lair:3   | Noticed Hitoc's ghost (journeyman DjFE)
 19278 | Lair:3   | Killed Hitoc's ghost
 19392 | Lair:4   | Reached skill level 10 in Shields
 19923 | Lair:4   | Found a basalt altar of Yredelemnul.
 20072 | Lair:4   | Found a staircase to the Swamp.
 20472 | Lair:4   | Reached skill level 16 in Fighting
 21133 | Lair:5   | Reached XP level 15. HP: 144/144 MP: 14/14
 21651 | Lair:6   | Entered Level 6 of the Lair of Beasts
 21691 | Lair:6   | Received a gift from Trog
 21993 | Lair:6   | Reached ****** piety under Trog
 22959 | Lair:6   | Reached skill level 17 in Fighting
 23156 | Lair:6   | Identified the +8 lajatang of Cealian {drain, rCorr}
 23380 | Lair:6   | Found a runed translucent door.
 23381 | Lair:6   | Found a viscous altar of Jiyva.
 23382 | Lair:6   | Found a staircase to the Slime Pits.
 23610 | Orc:1    | Entered Level 1 of the Orcish Mines
 23720 | Orc:2    | Entered Level 2 of the Orcish Mines
 23720 | Orc:2    | Found Resud's Jewellery Shop.
 23721 | Orc:2    | Noticed Urug
 23734 | Orc:2    | Killed Urug
 23869 | Orc:2    | Received a gift from Trog
 23959 | Orc:2    | Found a staircase to the Elven Halls.
 24027 | Orc:2    | Found Geothr Rodew's General Store.
 24050 | Orc:2    | Found Aruekkeme's General Store.
 24058 | Orc:2    | Lost intelligence.
 24239 | Orc:2    | Bought a scroll of enchant armour for 97 gold pieces
 24253 | Orc:2    | Bought a scroll of enchant armour for 97 gold pieces
 24348 | Orc:2    | Received a gift from Trog
 24787 | Orc:2    | Paralysed by an orc sorcerer for 4 turns
 25030 | Orc:2    | Reached XP level 16. HP: 155/155 MP: 15/15
 25206 | Orc:2    | Found Heuhe's Book Boutique.
 25206 | Orc:2    | Found Nixumeck's Antique Armour Shop.
 25207 | Orc:2    | Found a one-way gate leading to the halls of Pandemonium.
 25414 | Orc:1    | Found Luisty's Armour Shop.
 25833 | Elf:1    | Entered Level 1 of the Elven Halls
 26558 | Elf:1    | Received a gift from Trog
 26595 | Elf:1    | Gained mutation: You are somewhat resistant to further
                  | mutation. [mutagenic glow]
 26616 | Elf:1    | Reached skill level 18 in Fighting
 27273 | Elf:1    | Found Efocs's Antique Armour Shop.
 27314 | Elf:1    | Reached skill level 15 in Shields
 28093 | Elf:2    | Noticed a Hell Sentinel
 28095 | Elf:2    | Noticed a Hell Sentinel
 28649 | D:15     | Entered Level 15 of the Dungeon
 28670 | D:15     | Received a gift from Trog
 28729 | D:15     | Noticed Rupert
 28742 | D:15     | Killed Rupert
 28933 | D:15     | Found a transporter.
 28940 | D:15     | Found a one-way gate to the infinite horrors of the Abyss.
 28969 | D:15     | Noticed Tugh's ghost (weakling FoFi)
 28971 | D:15     | Found the ring of the Hare {EV+8}
 28980 | D:15     | Found a transporter.
 29274 | D:15     | Found a broken altar of Ashenzari.
 29681 | D:15     | Found a staircase to the Depths.
 30101 | D:15     | Paralysed by accursed screaming for 1 turns
 30114 | D:15     | Killed Tugh's ghost
 30632 | Snake:1  | Entered Level 1 of the Snake Pit
 30680 | Snake:1  | Reached XP level 17. HP: 160/166 MP: 16/16
 30740 | Snake:1  | Reached skill level 19 in Fighting
 30965 | Snake:1  | Received a gift from Trog
 32220 | Snake:2  | You fall into a shaft and drop 1 floor!
 32220 | Snake:3  | Noticed Bai Suzhen
 32229 | Snake:3  | Killed Bai Suzhen
 32718 | Snake:3  | Received a gift from Trog
 34079 | Snake:2  | Reached skill level 20 in Fighting
 34808 | Snake:4  | Entered Level 4 of the Snake Pit
 34964 | Snake:4  | Found a runed translucent gate.
 34965 | Snake:4  | Found a runed translucent gate.
 34967 | Snake:4  | Found a runed translucent gate.
 35122 | Snake:4  | Found Huweschoeq's Antique Armour Boutique.
 35233 | Snake:4  | Reached XP level 18. HP: 171/178 MP: 17/17
 35520 | Snake:4  | Found an opulent altar of Gozag.
 35522 | Snake:4  | Noticed FizzleBang's ghost (adept GnWn)
 35795 | Snake:4  | Received a gift from Trog
 36604 | Snake:4  | Got a serpentine rune of Zot
 36978 | Swamp:1  | Entered Level 1 of the Swamp
 37105 | Swamp:1  | Noticed Jorgrun
 37123 | Swamp:1  | Received a gift from Trog
 37640 | Swamp:1  | Killed Jorgrun
 37971 | Swamp:2  | Noticed Aizul
 37984 | Swamp:2  | Killed Aizul
 37985 | Swamp:2  | Reached skill level 21 in Fighting
 38202 | Swamp:2  | Noticed Donald
 38226 | Swamp:2  | Killed Donald
 38372 | Swamp:2  | Acquired 1133 gold pieces
 39187 | Swamp:3  | Reached XP level 19. HP: 119/189 MP: 18/18
 40098 | Swamp:3  | Received a gift from Trog
 40617 | Swamp:4  | Entered Level 4 of the Swamp
 41611 | Swamp:4  | Noticed the 27-headed Lernaean hydra
 41625 | Swamp:4  | Killed the 19-headed Lernaean hydra
 42120 | Swamp:4  | Got a decaying rune of Zot
 42608 | Elf:2    | Received a gift from Trog
 42684 | Elf:2    | Found a runed translucent gate.
 42699 | Elf:2    | Found a runed translucent gate.
 42699 | Elf:2    | Found a runed translucent gate.
 42754 | Elf:2    | Cast into level 2 of the Abyss (a deep elf demonologist)
 43038 | Abyss:2  | Gained mutation: Armour fits poorly on your strangely
                  | shaped body. [a neqoxec]
 43219 | Elf:2    | Escaped the Abyss
 43232 | Elf:2    | Reached skill level 22 in Fighting
 43307 | Elf:2    | Identified the +0 scale mail "Usoshruk" {Slay+5}
 43320 | Elf:2    | Received a gift from Trog
 43630 | Elf:2    | Reached skill level 1 in Evocations
 43630 | Elf:2    | Reached XP level 20. HP: 200/200 MP: 19/19
 43631 | Elf:2    | Reached XP level 21. HP: 207/207 MP: 20/20
 44491 | Elf:2    | Reached XP level 22. HP: 217/217 MP: 21/21
 44567 | Elf:3    | Entered Level 3 of the Elven Halls
 44577 | Elf:3    | Received a gift from Trog
 46258 | Elf:3    | Identified the ring "Vafrasto" {rElec Str+6 Int+4}
 46280 | Elf:3    | Reached skill level 23 in Fighting
 46527 | Elf:3    | Received a gift from Trog
 46606 | Elf:3    | Identified the ring "Edocre" {rElec EV+4 Stlth+}
 46630 | Elf:3    | Identified the +5 ring mail of the Invisible Queens {Harm
                  | +Inv rF- Dex+7}
 46632 | Elf:3    | Identified the +4 war axe "Bogefrin" {vamp, +Rage Fly rElec
                  | Int+5}
 46678 | Elf:3    | Found the +9 heavy crossbow "Sniper" {vorpal, Acc+∞ SInv}
 46679 | Elf:3    | Found the ring of the Octopus King
 46709 | Elf:3    | Identified the Volume of Earth and Illusion
 46716 | Elf:3    | Identified a ring of the Octopus King {Wiz AC+1 EV+1 Str+1
                  | Int+1 Dex+1}
 46732 | Elf:3    | Identified the Compendium of the Traveller and Attacks
 46804 | Elf:3    | Identified the +1 ring mail of the Snake Pit {Int+5}
 47217 | Vaults:1 | Entered Level 1 of the Vaults
 47340 | Vaults:1 | Paralysed by a great orb of eyes for 2 turns
 48101 | Vaults:1 | Identified the +10 broad axe of Trog's Grace {vorpal,
                  | Str+4} (Trog gifted it to you on level 1 of the Vaults)
 48101 | Vaults:1 | Received a gift from Trog
 48873 | Vaults:2 | Received a gift from Trog
 48921 | Vaults:2 | Reached XP level 23. HP: 229/229 MP: 22/22
 49138 | Vaults:2 | Reached skill level 24 in Fighting
 49752 | Vaults:3 | Found a staircase to the Crypt.
 49833 | Vaults:3 | Found Waahuv's Antique Weapon Shop.
 49902 | Vaults:3 | Found a ruined gateway.
 49910 | Desolati | Entered the Desolation of Salt
 50010 | Desolati | Received a gift from Trog
 50022 | Desolati | Identified the Guide on Frigorific Transmigration
 50023 | Desolati | Identified the ring "Juum" {Int+6 Dex+3}
 50815 | Desolati | Identified the +11 flail "Xiusimp" {vamp, MP-9 Dex+3 SInv}
 50817 | Desolati | Identified the ring of the Endless Expanse {MP+9 Dex+2
                  | Stlth+}
 51056 | Desolati | Received a gift from Trog
 51423 | Desolati | Identified the ring "Janotel" {rN+ Stlth+}
 51425 | Desolati | Identified the Compendium of the Serpent
 51618 | Vaults:3 | Cast into level 2 of the Abyss (a wizard)
 51906 | Abyss:2  | Gained mutation: You sometimes lose the ability to read
                  | scrolls when taking damage. [a neqoxec]
 51922 | Vaults:3 | Escaped the Abyss
 51959 | Vaults:3 | Reached skill level 25 in Fighting
 51972 | Vaults:3 | Identified the +11 war axe of Distant Shores {flame, rN++}
                  | (Trog gifted it to you on level 3 of the Vaults)
 51972 | Vaults:3 | Received a gift from Trog
 52394 | Vaults:3 | Found a huge runed gate.
 52394 | Vaults:3 | Found a huge runed gate.
 52394 | Vaults:3 | Found a huge runed gate.
 52394 | Vaults:3 | Found a huge runed gate.
 52394 | Vaults:3 | Found a huge runed gate.
 52394 | Vaults:3 | Found a huge runed gate.
 52395 | Vaults:3 | Found a huge runed gate.
 52395 | Vaults:3 | Found a huge runed gate.
 52395 | Vaults:3 | Found a huge runed gate.
 52395 | Vaults:3 | Found a huge runed gate.
 52395 | Vaults:3 | Found a huge runed gate.
 52396 | Vaults:3 | Found a huge runed gate.
 52397 | Vaults:3 | Found a huge runed gate.
 52398 | Vaults:3 | Found a huge runed gate.
 52399 | Vaults:3 | Found a huge runed gate.
 52400 | Vaults:3 | Found a huge runed gate.
 52408 | Vaults:3 | Found a huge runed gate.
 52408 | Vaults:3 | Found a huge runed gate.
 52408 | Vaults:3 | Found a huge runed gate.
 52408 | Vaults:3 | Found a huge runed gate.
 52408 | Vaults:3 | Found a huge runed gate.
 52408 | Vaults:3 | Found a huge runed gate.
 52409 | Vaults:3 | Found a huge runed gate.
 52546 | Vaults:3 | Found a huge runed gate.
 52547 | Vaults:3 | Found a huge runed gate.
 52555 | Vaults:3 | Found a huge runed gate.
 52555 | Vaults:3 | Found a huge runed gate.
 52555 | Vaults:3 | Found a huge runed gate.
 52555 | Vaults:3 | Found a huge runed gate.
 52555 | Vaults:3 | Found a huge runed gate.
 52555 | Vaults:3 | Found a huge runed gate.
 52556 | Vaults:3 | Found a huge runed gate.
 52557 | Vaults:3 | Found a huge runed gate.
 52687 | Vaults:3 | Found a huge runed gate.
 52695 | Vaults:3 | Found a huge runed gate.
 52695 | Vaults:3 | Found a huge runed gate.
 53119 | Vaults:4 | Reached XP level 24. HP: 187/243 MP: 22/22
 53490 | Vaults:4 | Received a gift from Trog
 53572 | Vaults:4 | Noticed Sojobo
 53572 | Vaults:4 | Noticed Agnes
 53589 | Vaults:4 | Killed Agnes
 53604 | Vaults:4 | Killed Sojobo
 53805 | Vaults:4 | Identified the Grimoire of Battle Magic and Black Secrets
 53858 | Vaults:4 | Found a gateway to a bazaar.
 54467 | Vaults:5 | Entered Level 5 of the Vaults
 54946 | Vaults:5 | Received a gift from Trog
 55331 | Vaults:5 | Reached skill level 26 in Fighting
 55743 | Vaults:5 | Got a silver rune of Zot
 56210 | Vaults:5 | Noticed an ancient lich
 56233 | Vaults:5 | Killed an ancient lich
 56338 | Vaults:5 | Identified the +8 long sword of Conscience {freeze, rPois}
 56349 | Vaults:5 | Received a gift from Trog
 56504 | Vaults:5 | Reached XP level 25. HP: 237/252 MP: 22/22
 57096 | Vaults:5 | Identified the amulet of Oenomania {Reflect Fly rN++ Str-2
                  | Int+2 SH+5}
 57172 | Vaults:5 | Found the +8 mithril axe "Arga" {speed, Will+}
 57173 | Vaults:5 | Found the macabre finger necklace {rN+}
 57181 | Vaults:5 | Identified the +5 robe of the Battered Beasts {rN+ Dex-5
                  | SInv}
 57446 | Vaults:5 | Identified the +5 ring mail of the Mind {rElec Will+ Regen+
                  | Str+2}
 57449 | Vaults:5 | Identified the amulet of Peops {Acrobat Dex+5}
 57834 | Crypt:1  | Entered Level 1 of the Crypt
 57910 | Crypt:1  | Received a gift from Trog
 58298 | Crypt:1  | Paralysed by something for 6 turns
 58779 | Crypt:2  | Noticed Frederick
 58786 | Crypt:2  | Killed Frederick
 59523 | Crypt:3  | Entered Level 3 of the Crypt
 59532 | Crypt:3  | Identified the +9 war axe "Vahue" {flame, Will+ Str+2}
                  | (Trog gifted it to you on level 3 of the Crypt)
 59532 | Crypt:3  | Received a gift from Trog
 59607 | Crypt:3  | Found a basalt altar of Yredelemnul.
 59630 | Crypt:3  | Reached skill level 27 in Fighting
 60180 | Crypt:3  | Received a gift from Trog
 60289 | Crypt:3  | Found a staircase to the Tomb.
 60290 | Crypt:3  | Noticed Jory
 60310 | Crypt:3  | Killed Jory
 61338 | Tomb:1   | Entered Level 1 of the Tomb of the Ancients
 61421 | Tomb:1   | Reached XP level 26. HP: 266/266 MP: 22/22
 61470 | Tomb:1   | Paralysed by a sphinx for 2 turns
 61501 | Tomb:1   | Received a gift from Trog
 62526 | Tomb:1   | Noticed a royal mummy
 62549 | Tomb:1   | Killed a royal mummy
 62760 | Tomb:1   | Noticed a royal mummy
 62774 | Tomb:1   | Killed a royal mummy
 63653 | Tomb:2   | Noticed a royal mummy
 63654 | Tomb:2   | Noticed a royal mummy
 63656 | Tomb:2   | Noticed a royal mummy
 63659 | Tomb:2   | Noticed a royal mummy
 63672 | Tomb:2   | HP: 6/266 [royal mummy/divine providence (10)]
 63677 | Tomb:2   | HP: 12/266 [royal mummy/divine providence (14)]
 63677 | Tomb:2   | HP: 4/266 [royal mummy (7)]
 63678 | Tomb:2   | Slain by a death scarab

Illustrated notes

Levels and vault maps discovered:
D:1:      dpeg_chamrin_arrival_tetris, layout_loops_corners
D:2:      layout_loops_corners, basic_altar, uniq_natasha, uniq_robin
D:3:      layout_loops_ring, fedhas_altar_fruit_tree, serial_shops, shop,
          uniq_ijyb
D:4:      layout_rooms, kennysheep_diamond, uniq_duvessa, uniq_pikel
D:5:      layout_loops_ring, zin_statuary, nzn_wu_jian_council_hall,
          chequers_mini_garden, kennysheep_small_square
D:6:      layout_basic, nicolae_ru_awakened_eye, temple_doors_cd, serial_shops,
          nicolae_shop_behind_doors
D:7:      layout_rooms, amcnicky_altar_gilded, doesnt_xom_only_xom,
          kiku_gazebo_pond_becter
D:8:      layout_rooms, grunt_temple_overflow_lords_of_destruction,
          nicolae_overflow_hidden_temple, grunt_temple_overflow_holy_war,
          gammafunk_ghost_grave, uniq_harold, uniq_erica
D:9:      layout_long_grid, dpeg_oklobed_lair
D:10:     layout_rooms, marbit_many_paths,
          kennysheep_orc_monster_closet_entryway, serial_shops,
          nicolae_shop_window_shopping, shop_coins, shop, serial_undead,
          serial_undead_e, serial_undead_e, serial_undead_c, serial_undead_e,
          serial_undead_a, serial_undead_a
D:11:     layout_basic, uniq_nergalle, uniq_maurice
D:12:     layout_roguey, grunt_ministairs_7, kennysheep_generic_room_4,
          uniq_sonja, uniq_kirke
D:13:     layout_long_grid, gauntlet_entry_generic, minivault_25_ag,
          grunt_gozag_breadcrumbs
D:14:     layout_small_grid, erik_vaults_2, serial_shops, shop_statue,
          lemuel_crystal_altar, hangedman_tell_no_tales
D:15:     hangedman_depths_entry_civil_slaughter, layout_loops_corners,
          gammafunk_ghost_abyssal_escape, cheibrodos_ashenzari_chains,
          uniq_rupert
Lair:1:   layout_hall_layers
Lair:2:   layout_cave_pods, dummy_snake_entry, chequers_serial_rivers_room_a,
          serial_bayou_ford_a, minmay_shattered_shrine, uniq_gastronok
Lair:3:   layout_regular_city, serial_forest, infiniplex_forest_clump_double,
          infiniplex_forest_straight_3, infiniplex_forest_lined_room_3,
          infiniplex_forest_corner_1, infiniplex_forest_3_way,
          infiniplex_forest_join, infiniplex_forest_straight_3,
          infiniplex_forest_clump_tiny, gammafunk_ghost_grave,
          grunt_megastairs_3
Lair:4:   nzn_winding_woodlands_three_and_one [nzn_winding_woodlands_5x15_twine,
          nzn_winding_woodlands_5x15_default, nzn_winding_woodlands_5x15_pool,
          nzn_winding_woodlands_center_pierced_h], layout_regular_city,
          minmay_swamp_entry_worms, basic_altar, dpeg_oklob_1
Lair:5:   layout_concentric_octagons, beast_lair_carwin_7, grunt_megastairs_5,
          minmay_lair_oklob_chamber
Lair:6:   evilmike_catoblepas_cave, layout_regular_city, slime_altar_2,
          chequers_serial_rivers_micro_d
Swamp:1:  layout_falls_marsh, evilmike_swamp_ruin_wall, uniq_jorgrun
Swamp:2:  layout_basic_swamp, nicolae_swamp_decorative_isthmus, uniq_donald,
          uniq_aizul
Swamp:3:  nicolae_swamp_phyte_club, layout_basic_swamp,
          nicolae_swamp_feature_on_the_river_bank
Swamp:4:  swamp_old_school, layout_basic_swamp, infiniplex_staircase_pool
Snake:1:  cheibrodos_snake_lava_hold, layout_gridlike
Snake:2:  layout_layer_cave
Snake:3:  layout_chambers, serial_bayou_shore_a, serial_bayou_shore_b,
          uniq_bai_suzhen
Snake:4:  snake_pit_salamanders_mu, layout_onion, ebering_ghost_gozag,
          serial_shops, nicolae_shop_waterfront, hangedman_venom_bottle,
          serial_bayou_shore_b, lemuel_fruit_tree
Orc:1:    layout_caves, serial_shops, shop
Orc:2:    pf_orc_diabolical, layout_caves, serial_shops, shop, uniq_urug
Elf:1:    minmay_elf_arrival_summoners, layout_geoelf_grid, serial_shops, shop,
          minmay_elf_crystal_heptagon, minivault_4, minivault_16,
          bh_hangedman_babel_library
Elf:2:    layout_geoelf_diagonals, hex_medium
Elf:3:    minmay_elf_hall_golems, layout_loops_corners, lemuel_flamethrower_2,
          grunt_megastairs_4
Vaults:1: v_alt_pattern_4, grunt_vaults_funnel,
          nicolae_vaults_diagonal_hallway_8, v_alt_pattern_4,
          nicolae_vaults_asterisk, hangedman_vaults_stretched_pinwheel,
          v_misc_9, ontoclasm_vaults_shuriken, nicolae_vaults_little_squares_3,
          layout_vaults_big_cross
Vaults:2: grunt_vaults_bifocal, nicolae_vaults_an_arrangement,
          nicolae_vaults_ring_of_whatevers, v_rooms_1,
          nicolae_vaults_yaktaur_gun_rack, v_misc_3, v_misc_11,
          hangedman_vaults_corner_blocks, v_misc_18, hangedman_vaults_stagger,
          vaults_room_semicircle, v_misc_13, layout_vaults_ring
Vaults:3: minmay_crypt_entry_simple_statues, v_alt_pattern_4,
          nicolae_vaults_theta, nicolae_vaults_circle_grid_b,
          nicolae_vaults_theta, vaults_not_door_vault_mu, vaults_room_pools,
          nicolae_vaults_big_ls, ontoclasm_vaults_decontamination,
          hangedman_vaults_stitches, nicolae_vaults_little_ls,
          layout_vaults_maze, portal_desolation_entry_twin_temple, serial_shops,
          shop
Vaults:4: nicolae_vaults_sealed_display, nicolae_vaults_shelves_hall,
          vaults_room_pool, nicolae_vaults_hallways_thing, v_misc_8,
          vaults_room_pools, v_misc_22, vaults_room_door_ring, sword_in_stone,
          vaults_dpeg_encased_lava, layout_vaults_chaotic_city, serial_shops,
          bzr_entry_water
Vaults:5
Crypt:1:  layout_regular_city
Crypt:2:  layout_misc_corridors, uniq_frederick
Crypt:3:  grunt_crypt_end_deaths_head
Tomb:1
Tomb:2

Skill      XL: |  1  2  3  4  5  6  7  8  9 10 11 12 13 14 15 16 17 18 19 20 21 22 23 24 25 |
---------------+----------------------------------------------------------------------------+-----
Fighting       | 4 5 6 8 9 11 12 13 15 16 17 18 20 21 22 23 25 26 27 | 27.0
Axes           | 4 5 6 7 8 10 12 13 14 16 17 18 19 20 21 22 23 | 23.8
Armour         | 3 4 6 7 8 9 11 12 13 15 16 17 18 19 20 21 22 23 24 | 24.4
Dodging        | 3 4 5 6 |  6.2
Shields        | 4 7 8 11 13 16 17 19 20 21 22 23 25 | 25.7
Long Blades    | 2 |  2.1
Evocations     | 1 2 |  2.1

Action                   |  1- 3 |  4- 6 |  7- 9 | 10-12 | 13-15 | 16-18 | 19-21 | 22-24 | 25-27 || total
-------------------------+-------+-------+-------+-------+-------+-------+-------+-------+-------++-------
Melee: Hand axe          |    69 |   108 |   100 |       |       |       |       |       |       ||   277
       Headbutt          |     6 |    16 |    35 |    68 |   221 |   249 |   121 |   486 |   236 ||  1438
       War axe           |       |       |    21 |   327 |   151 |   249 |   338 |  1432 |   864 ||  3382
       Battleaxe         |       |       |    63 |     8 |       |       |       |       |       ||    71
       Broad axe         |       |       |       |       |   725 |   885 |   194 |   137 |       ||  1941
       Scimitar          |       |       |       |       |    18 |       |       |       |       ||    18
Invok: Berserk           |     2 |     3 |     6 |     9 |    14 |    14 |     5 |     6 |     5 ||    64
       Trog's Hand       |       |       |       |     3 |     1 |     3 |     1 |     4 |     3 ||    15
       Brothers in Arms  |       |       |       |     4 |     3 |     6 |       |     3 |     3 ||    19
Evoke: Wand              |       |       |       |     2 |     2 |       |       |       |       ||     4
  Use: Scroll            |       |     3 |    12 |    11 |     8 |     8 |     3 |     4 |     2 ||    51
       Potion            |       |       |       |     2 |       |     1 |     2 |     4 |    11 ||    20
 Stab: Distracted        |       |       |       |       |       |     2 |       |       |     1 ||     3
Armor: Ring mail         |    17 |    29 |   100 |    14 |       |       |       |       |       ||   160
       Animal skin       |     3 |       |       |       |       |       |       |       |       ||     3
       Plate armour      |       |       |       |   149 |       |       |       |       |       ||   149
       Gold dragon scale |       |       |       |    76 |   533 |   346 |   288 |   600 |   323 ||  2166
Dodge: Dodged            |    40 |    61 |   140 |    85 |   147 |   259 |   204 |   502 |   153 ||  1591
Block: Tower shield      |       |       |       |   236 |   821 |  1319 |   613 |  2030 |  1154 ||  6173
       Reflection        |       |       |       |       |       |    98 |    26 |    97 |    19 ||   240
       Rpst.: Scimitar   |       |       |       |       |     2 |       |       |       |       ||     2

Table legend: (Time is in decaauts)
 A = Elapsed time spent in this place.
 B = Non-inter-level travel time spent in this place.
 C = Inter-level travel time spent in this place.
 D = Time resting spent in this place.
 E = Time spent auto-exploring this place.
 F = Levels seen in this place.
 G = Mean time per level.
                   A        B        C        D        E       F      G
               +--------+--------+--------+--------+--------+-----+--------+
         Total |  64063 |  60448 |   3615 |   7100 |  42925 |  48 | 1334.6 |
       Dungeon |  17671 |  16244 |   1427 |   1895 |  11845 |  15 | 1178.1 |
          Lair |   8243 |   7738 |    505 |    225 |   6412 |   6 | 1373.8 |
         Swamp |   5680 |   5442 |    238 |   1284 |   3258 |   4 | 1420.0 |
     Snake Pit |   6210 |   5994 |    216 |    287 |   4727 |   4 | 1552.5 |
  Orcish Mines |   2426 |   2217 |    209 |    206 |   1603 |   2 | 1213.0 |
   Elven Halls |   6729 |   6430 |    299 |   1115 |   4166 |   3 | 2243.0 |
        Vaults |   8387 |   7768 |    619 |    930 |   5323 |   5 | 1677.4 |
         Crypt |   3346 |   3246 |    100 |      0 |   2587 |   3 | 1115.3 |
          Tomb |   2372 |   2372 |      0 |    607 |   1358 |   2 | 1186.0 |
         Abyss |    736 |    736 |      0 |      0 |    408 |   2 |  368.0 |
    Desolation |   1667 |   1667 |      0 |    470 |    850 |   1 | 1667.0 |
      Gauntlet |    592 |    592 |      0 |     78 |    384 |   1 |  592.0 |
               +--------+--------+--------+--------+--------+-----+--------+

Top non-repeatable levels by time:
   Elf:1: 2762 daAuts
Vaults:4: 2428 daAuts
   Elf:3: 2421 daAuts
  Tomb:1: 2335 daAuts
Vaults:5: 2023 daAuts
 Snake:4: 2000 daAuts
    D:15: 1863 daAuts
   Orc:2: 1824 daAuts
  Lair:6: 1807 daAuts
 Crypt:3: 1731 daAuts
    D:11: 1713 daAuts
Desolation: 1667 daAuts
 Swamp:2: 1563 daAuts
 Swamp:4: 1556 daAuts
   Elf:2: 1545 daAuts
